 Dungeon Crawl Stone Soup version 0.29-a0-914-g906f1d757c (webtiles) character file.

Game seed: 11219739273626855122

72 Majang the Magician (level 4, -4/33 HPs)
             Began as a Djinni Conjurer on July 26, 2022.
             Slain by a goblin
             ... wielding a +1 dagger of protection
             ... led by Robin
              (6 damage)
             ... on level 3 of the Dungeon.
             The game lasted 00:05:54 (2904 turns).

Majang the Magician (Djinni Conjurer)               Turns: 2904, Time: 00:05:54

Health: -4/33      AC:  2    Str:  6    XL:     4   Next: 48%
Gold:   126        EV: 11    Int: 22    God:
                   SH:  3    Dex: 11

rFire   + + .      SeeInvis .   o - +2 whip (elec)
rCold   x . .      Faith    .   i - +0 buckler
rNeg    . . .      Spirit   .   a - +0 robe
rPois   ∞          Reflect  .   (no helmet)
rElec   .          Harm     .   (no cloak)
rCorr   .          Rampage  .   (no gloves)
Will    .....                   (boots unavailable)
Stlth   ++........              (no amulet)
HPRegen 0.11/turn               (no ring)
MPRegen 0.00/turn               (no ring)

@: mighty, brilliant, flying, very slightly contaminated
A: sickness immunity, fire resistance 2, cold vulnerability 1, float, innate
caster, HP casting, extra vitality 1
a: no special abilities


You were on level 3 of the Dungeon.
You visited 1 branch of the dungeon, and saw 3 of its levels.

You collected 126 gold pieces.

Inventory:

Hand Weapons
 d - a +0 club
 o - a +2 whip of electrocution (weapon)
Armour
 a - a +0 robe (worn)
 i - a +0 buckler (worn)
Wands
 q - a wand of roots (5)
Scrolls
 c - a scroll of poison {unknown}
 e - 2 scrolls of teleportation {unknown}
 g - 2 scrolls of noise {unknown}
 j - 6 scrolls of identify {unknown}
 k - a scroll of amnesia {unknown}
 l - a scroll of fear {unknown}
 r - a scroll of acquirement {unknown}
Potions
 b - a potion of ambrosia {unknown}
 f - a potion of might
 h - a potion of brilliance
 m - a potion of berserk rage {unknown}
 n - 2 potions of curing {unknown}
 p - a potion of attraction {unknown}


   Skills:
 + Level 1.9 Fighting
 - Level 2.1 Dodging
 - Level 1.5 Stealth
 * Level 4.1 Spellcasting


You couldn't memorise any spells.
You knew the following spells:

 Your Spells              Type           Power      Damage    Failure   Level
a - Magic Dart            Conj           100%       1d8       2%          1
b - Iskenderun's Mystic   Conj/Tloc      34%        2d8       26%         4
c - Beastly Appendage     Tmut           68%        N/A       2%          1
d - Dazzling Flash        Conj/Hex       68%        N/A       9%          3
p - Fulminant Prism       Conj/Hex       17%        3d11      26%         4
r - Searing Ray           Conj           68%        2d6       4%          2
Your spell library was empty.

Dungeon Overview and Level Annotations

Branches:
Dungeon (3/15)

Altars:
Hepliaklqana

Annotations:
D:3 Robin


Innate Abilities, Weirdness & Mutations

You are immune to sickness and miasma.
You are immune to poison.
Your flesh is very heat resistant. (rF++)
You are vulnerable to cold. (rC-)
You float through the air rather than walking.
You learn spells naturally, not from books.
Your magical power is your life essence.
You have superior vitality. (+4 MHP)


Message History

The hobgoblin shouts!
Robin throws the goblin at you! The goblin barely misses you.
The goblin shouts!
Found a stone staircase leading up.
You closely miss the goblin.
The goblin shouts! x2
The goblin hits you with a +1 dagger of protection.
The goblin hits you but does no damage.
You barely miss the goblin. The goblin hits you with a +0 dagger.
The goblin hits you with a +1 dagger of protection.
The goblin shouts!
You hit the goblin but do no damage.
The goblin hits you with a +1 dagger of protection.
The goblin hits you with a +0 dagger.
Unknown command.
Casting: Searing Ray (safe; 4% risk of failure)
Confirm with . or Enter, or press ? or * to list all spells.
The spell is extremely dangerous to miscast (26% risk of failure)!
Continue anyway?
You miscast Iskenderun's Mystic Blast.
You are very lightly contaminated with residual magic.
Energy rips through your body! The goblin closely misses you.
The goblin hits you but does no damage.
Unknown command.
Casting: Iskenderun's Mystic Blast (extremely dangerous; 26% risk of failure)
Confirm with . or Enter, or press ? or * to list all spells.
The spell is extremely dangerous to miscast (26% risk of failure)!
Continue anyway?
You miscast Iskenderun's Mystic Blast.
Nothing appears to happen.
* * * LOW HITPOINT WARNING * * *
The goblin hits you but does no damage. The goblin closely misses you.
Unknown command.
It was a potion of might.
You feel very mighty all of a sudden.
Robin roars a battlecry!
The goblins go into a battle-frenzy!
The goblin hits you but does no damage. The goblin hits you with a +0 dagger.
* * * LOW HITPOINT WARNING * * *
It was a potion of brilliance.
You feel clever all of a sudden.
The goblin hits you with a +1 dagger of protection.
You die...

#.##.#
##.##.########
#............#
#
##...#.######.#
.#.##......#
.........#.#
#.........#
######g#### #@#
#g#


ggg ggggg ..ggg.. ## ......... #. +.........+ #. #.........# ## # You could see
Robin, 3 hobgoblins and 9 goblins.

Vanquished Creatures
  2 adders (D:3)
  3 orcs (D:3)
  A bat (D:2)
  3 endoplasms
  5 giant cockroaches
  6 goblins
  3 hobgoblins
  3 quokkas
  7 ball pythons
  5 frilled lizards
  5 kobolds
  5 rats
48 creatures vanquished.

Notes
Turn   | Place    | Note
-------+----------+-------------------------------------------
     0 | D:1      | Majang the Djinni Conjurer began the quest for the Orb.
     0 | D:1      | Majang set off with the following spells memorised: Magic
                  | Dart, Searing Ray, Dazzling Flash, Fulminant Prism,
                  | Iskenderun's Mystic Blast.
     0 | D:1      | Reached XP level 1. HP: 15/15 MP: 0/0
   187 | D:1      | Found a faded altar of an unknown god.
   389 | D:1      | Reached XP level 2. HP: 19/22 MP: 0/0
   715 | D:1      | Reached skill level 1 in Fighting
  1380 | D:2      | Reached XP level 3. HP: 24/27 MP: 0/0
  1380 | D:2      | Learned a level 1 spell: Beastly Appendage
  2273 | D:3      | Reached XP level 4. HP: 23/32 MP: 0/0
  2314 | D:3      | Reached skill level 4 in Spellcasting
  2474 | D:3      | Found a hazy altar of Hepliaklqana.
  2897 | D:3      | Noticed Robin
  2904 | D:3      | Slain by a goblin

Illustrated notes

Levels and vault maps discovered:
D:1:      minmay_arrival_diagonal_passages, layout_basic,
          hellmonk_ecumenical_altar_crossroads
D:2:      minmay_wonky_spiral, layout_loops_ring, minmay_vboxes
D:3:      layout_loops_corners, mainiacjoe_overflow_alcove_1, uniq_robin

Skill      XL: |  1  2  3  4 |
---------------+-------------+-----
Fighting       | 1 |  1.9
Spellcasting   | 4 |  4.1
Dodging        | |  2.1
Stealth        | |  1.5

Action                   |  1- 3 |  4- 6 || total
-------------------------+-------+-------++-------
Melee: Whip              |     2 |     3 ||     5
 Cast: Magic Dart        |    66 |    14 ||    80
       Searing Ray       |     1 |     2 ||     3
  Use: Potion            |       |     2 ||     2
Armor: Robe              |     2 |     7 ||     9
Dodge: Dodged            |     5 |     5 ||    10
Block: Buckler           |     1 |       ||     1

Table legend: (Time is in decaauts)
 A = Elapsed time spent in this place.
 B = Non-inter-level travel time spent in this place.
 C = Inter-level travel time spent in this place.
 D = Time resting spent in this place.
 E = Time spent auto-exploring this place.
 F = Levels seen in this place.
 G = Mean time per level.
                   A        B        C        D        E       F      G
               +--------+--------+--------+--------+--------+-----+--------+
         Total |   2902 |   2845 |     57 |    510 |   2110 |   3 |  967.3 |
       Dungeon |   2902 |   2845 |     57 |    510 |   2110 |   3 |  967.3 |
               +--------+--------+--------+--------+--------+-----+--------+

Top non-repeatable levels by time:
     D:1: 1225 daAuts
     D:2: 1030 daAuts
     D:3: 647 daAuts
